 Dungeon Crawl Stone Soup version 0.28.0-53-g5a82cb258f (webtiles) character file.

Game seed: 6650551313088711194

2115 Legadrian the Fighter (level 9, -7/79 HPs)
             Began as a Human Fighter on July 2, 2022.
             Was a Follower of Cheibriados.
             Shot with an arrow by a centaur (10 damage)
             ... on level 8 of the Dungeon.
             The game lasted 00:28:47 (7525 turns).

Legadrian the Fighter (Human Fighter)               Turns: 7525, Time: 00:28:47

Health: -7/79      AC:  6    Str: 19 (22) XL:     9   Next: 54%
Magic:  17/18      EV: 10    Int: 10 (13) God:    Cheibriados [*.....]
Gold:   489        SH:  4    Dex: 13 (16) Spells: 8/8 levels left

rFire   . . .      SeeInvis .   B - +2 falchion (vorpal)
rCold   . . .      Faith    .   c - +0 buckler
rNeg    . . .      Spirit   .   o - +0 ring mail of Ysonk {-Tele rElec rCorr Int+3 Stlth+}
rPois   .          Reflect  .   (no helmet)
rElec   +          Harm     .   (no cloak)
rCorr   +          Rampage  .   (no gloves)
Will    .....      NoTele   +   (no boots)
Stlth   ++........              e - amulet of magic regeneration
HPRegen 0.23/turn               E - ring of magical power
MPRegen 0.56/turn               (no ring)

@: very slow
A: high MP 1, MP-powered wands
a: Renounce Religion, Bend Time


You were on level 8 of the Dungeon.
You worshipped Cheibriados.
Cheibriados was aware of your devotion.
You visited 2 branches of the dungeon, and saw 10 of its levels.
You also visited: Ossuary.

You collected 489 gold pieces.

Inventory:

Hand Weapons
 a - a +0 flail
 f - a +0 trident
 k - a +0 whip of electrocution
 A - a +0 dagger of venom
 B - a +2 vorpal falchion (weapon)
 D - a +2 short sword of draining
 F - a +0 dire flail
Missiles
 g - 2 boomerangs (quivered)
 j - 6 poisoned darts
 n - 2 javelins
Armour
 b - a +0 scale mail
 c - a +0 buckler (worn)
 m - an orb of mayhem
 o - the +0 ring mail of Ysonk (worn) {-Tele rElec rCorr Int+3 Stlth+}
   (You found it on level 3 of the Dungeon)

   Int:       It affects your intelligence (+3).
   rElec:     It insulates you from electricity.
   -Tele:     It prevents most forms of teleportation.
   rCorr:     It protects you from acid and corrosion.
   Stlth:     It makes you more stealthy.
 q - a +3 leather armour of cold resistance
 r - a +1 ring mail of cold resistance
Magical Staves
 l - a staff of poison
Jewellery
 e - an amulet of magic regeneration (around neck)
 E - a ring of magical power (left hand)
Wands
 h - a wand of paralysis (10)
 y - a wand of polymorph (10)
Scrolls
 d - 3 scrolls of teleportation
 w - a scroll of vulnerability
 C - a scroll of immolation
Potions
 i - 2 potions of brilliance
 p - 3 potions of flight
 t - a potion of lignification
 v - a potion of resistance


   Skills:
 + Level 10.6 Fighting
 - Level 2.0 Maces & Flails
 - Level 7.0 Armour
 - Level 3.0 Shields


You had 8 spell levels left.
You didn't know any spells.
Your spell library contained the following spells:

 Spells                   Type           Power      Damage    Failure   Level
 Stone Arrow              Conj/Erth      0%         3d7       94%         3
 Animate Armour           Summ/Erth      0%         N/A       100%        4
 Lehudib's Crystal Spear  Conj/Erth      0%         10d2      100%        8


Dungeon Overview and Level Annotations

Branches:
Dungeon (10/15)            Temple (1/1) D:4         Ossuary (visited)
   Lair: D:8-11         Orc: D:9-12

Altars:
Ashenzari
Cheibriados
Dithmenos
Elyvilon
Fedhas
Gozag
Hepliaklqana
Kikubaaqudgha
Makhleb
Okawaru
Qazlal
Ru
Sif Muna
Trog
Uskayaw
Vehumet
Wu Jian
Xom
Yredelemnul
Zin
The Shining One

Shops:
D:1 :   D:5 (

Annotations:
D:3 3 runed translucent doors, Vorhees's ghost, amateur GrFi
D:6 3 runed translucent doors, Domino's ghost, novice MiFi
D:9 3 runed translucent doors


Innate Abilities, Weirdness & Mutations

You have an increased reservoir of magic. (+10% MP)
You expend magic power (3 MP) to strengthen your wands.


Message History

The centaur kicks you but does no damage.
You hit the centaur.
The centaur is lightly wounded.
You block the centaur's attack. The centaur kicks you.
* * * LOW HITPOINT WARNING * * *
The centaur hits you.
* * * LOW HITPOINT WARNING * * *
The centaur closely misses you.
You feel better. The centaur hits you.
* * * LOW HITPOINT WARNING * * *
The centaur kicks you but does no damage.
You feel better. The centaur closely misses you.
The centaur kicks you but does no damage.
The centaur hits you.
* * * LOW HITPOINT WARNING * * *
The centaur barely misses you.
You hit the centaur.
The centaur is heavily wounded.
The centaur hits you.
* * * LOW HITPOINT WARNING * * *
The centaur kicks you.
* * * LOW HITPOINT WARNING * * *
The centaur closely misses you. The centaur barely misses you.
You fail to use your ability.
The centaur hits you but does no damage.
The centaur kicks you but does no damage.
The flow of time bends around you.
The centaur resists with some effort.
The centaur hits you.
* * * LOW HITPOINT WARNING * * *
The centaur kicks you but does no damage.
The centaur hits you.
* * * LOW HITPOINT WARNING * * *
The centaur barely misses you.
An orc comes into view. It is wielding a +0 dagger.
The centaur completely misses you. The centaur kicks you.
* * * LOW HITPOINT WARNING * * *
You see here 8 stones.
The centaur wields a +2 shortbow of flaming.
It bursts into flame!
The centaur shoots an arrow.
The arrow hits you!
You die...

......C................<
#####'#.#.............)..)...##
#....#........######........
#...##........#....#........
#...##.....#..#....#o.......
#...##.....##.#....#........
#...##...(.##.#....#......##
#...##.....##.#....#........
#...# .......@###'##........
#...# .....#..(co.)o.#......
#...# .... ########### #....
##### ... ... ## .


You could see an orc warrior, a centaur and an orc.

Vanquished Creatures
  A cyclops (D:8)
  A centaur zombie (D:8)
  A vampire (D:8)
  Eustachio (D:4)
  An orc warrior (D:9)
  A hornet zombie (D:5)
  An ice beast (D:3)
  A sky beast (D:4)
  A centaur (D:6)
  An ogre (D:5)
  2 kobold brigands
  3 jellies
  2 hounds
  Ijyb (D:5)
  An iguana (D:6)
  2 hound skeletons (D:5)
  6 mummies (Ossuary)
  An adder (D:5)
  A white imp (D:6)
  3 ufetubi
  An adder skeleton (D:2)
  5 worms
  5 dart slugs
  5 orcs
  8 ball pythons
  6 bats
  7 endoplasms
  2 giant cockroaches
  6 goblins
  5 hobgoblins
  4 jackals (D:1)
  4 quokkas
  A frilled lizard (D:3)
  3 gnoll zombies (Ossuary)
  4 hobgoblin zombies (Ossuary)
  14 kobolds
  An orc zombie (Ossuary)
  8 rats
121 creatures vanquished.

Vanquished Creatures (collateral kills)
  2 mummies (Ossuary)
2 creatures vanquished.

Grand Total: 123 creatures vanquished

Notes
Turn   | Place    | Note
-------+----------+-------------------------------------------
     0 | D:1      | Legadrian the Human Fighter began the quest for the Orb.
     0 | D:1      | Reached XP level 1. HP: 18/18 MP: 1/1
   133 | D:1      | Reached XP level 2. HP: 21/24 MP: 2/2
   523 | D:1      | Found Vaffeul's Book Emporium.
   552 | D:1      | Reached skill level 4 in Fighting
   552 | D:1      | Reached XP level 3. HP: 30/30 MP: 3/3
  1503 | D:2      | Reached XP level 4. HP: 38/38 MP: 4/4
  1517 | D:2      | Found a faded altar of an unknown god.
  1778 | D:2      | Found a hazy altar of Hepliaklqana.
  2319 | D:3      | Identified the +0 ring mail of Ysonk {-Tele rElec rCorr
                  | Int+3 Stlth+}
  2543 | D:3      | Noticed an ice beast
  2561 | D:3      | Killed an ice beast
  2562 | D:3      | Reached skill level 5 in Fighting
  2562 | D:3      | Reached XP level 5. HP: 21/46 MP: 5/5
  2933 | D:3      | Found a runed translucent gate.
  2933 | D:3      | Found a runed translucent gate.
  2933 | D:3      | Found a runed translucent gate.
  2934 | D:3      | Noticed Vorhees's ghost (amateur GrFi)
  3013 | D:4      | Reached skill level 6 in Fighting
  3059 | D:4      | Noticed Eustachio
  3102 | D:4      | Killed Eustachio
  3103 | D:4      | Reached XP level 6. HP: 36/52 MP: 6/6
  3259 | D:4      | Found a staircase to the Ecumenical Temple.
  3268 | Temple   | Entered the Ecumenical Temple
  3314 | Temple   | Became a worshipper of Cheibriados the Contemplative
  3789 | D:4      | Noticed a sky beast
  3801 | D:4      | Gained mutation: You expend magic power (3 MP) to
                  | strengthen your wands. [potion of mutation]
  3801 | D:4      | Gained mutation: You have an increased reservoir of magic.
                  | (+10% MP) [potion of mutation]
  3823 | D:4      | Killed a sky beast
  3824 | D:4      | Reached skill level 5 in Armour
  3824 | D:4      | Reached XP level 7. HP: 32/58 MP: 7/7
  4482 | D:5      | Entered Level 5 of the Dungeon
  4812 | D:5      | Found Reunuj's Weapon Boutique.
  4861 | D:5      | Found a sand-covered staircase.
  4864 | D:5      | Reached * piety under Cheibriados
  4870 | Ossuary  | Entered an ossuary
  5069 | Ossuary  | Was placed under penance by Cheibriados
  5111 | Ossuary  | Reached XP level 8. HP: 46/64 MP: 8/8
  5527 | D:5      | Noticed Ijyb
  5557 | D:5      | Killed Ijyb
  5559 | D:5      | Was forgiven by Cheibriados
  6366 | D:6      | Reached skill level 7 in Fighting
  6960 | D:6      | Found a runed translucent gate.
  6960 | D:6      | Found a runed translucent gate.
  6960 | D:6      | Found a runed translucent gate.
  6961 | D:6      | Noticed Domino's ghost (novice MiFi)
  7001 | D:6      | You fall into a shaft and drop 3 floors!
  7001 | D:9      | Found a runed translucent gate.
  7025 | D:9      | Found a runed translucent gate.
  7025 | D:9      | Found a runed translucent gate.
  7038 | D:9      | Reached skill level 8 in Fighting
  7216 | D:10     | Entered Level 10 of the Dungeon
  7216 | D:10     | Noticed a kobold demonologist
  7216 | D:10     | Noticed a kobold demonologist
  7221 | D:8      | Noticed a vampire
  7222 | D:8      | Killed a vampire
  7283 | D:8      | Reached XP level 9. HP: 52/75 MP: 9/9
  7420 | D:8      | Noticed a cyclops
  7457 | D:8      | Killed a cyclops
  7458 | D:8      | Reached skill level 10 in Fighting
  7524 | D:8      | HP: 3/79 [centaur (2)]
  7525 | D:8      | Shot with an arrow by a centaur

Illustrated notes

Levels and vault maps discovered:
D:1:      nzn_arrival_depleted_hourglass, layout_loops_ring, serial_shops, shop
D:2:      layout_basic, basic_altar, hellmonk_ecumenical_altar_zigzags
D:3:      layout_loops_ring, ebering_ghost_rock_garden, grunt_ministairs_14,
          hex_large
D:4:      layout_loops_cross, minmay_temple_entry_trees, nicolae_wormholes,
          uniq_eustachio
D:5:      layout_rooms, serial_shops, kennysheep_little_box,
          serial_corexii_hall, corexii_hall_statues_s, corexii_hall_statues_i,
          corexii_hall_statues_l, corexii_hall_statues_t,
          nicolae_ossuary_entry_monument, uniq_ijyb
D:6:      layout_basic, gammafunk_ghost_split, corexii_leaking_fountain,
          chequers_serial_rivers_micro_c
D:8:      layout_basic, enter_bailey_5, nrook_mini_vaults, eino_tiny_chamber,
          uniq_gastronok
D:9:      layout_irregular_city, nemelex_diamond_rough_becter, lair_entry_dummy,
          hiddenorc1_lemuel, ebering_ghost_gozag, uniq_maggie, uniq_grum
D:10:     layout_rooms
Temple:   mainiacjoe_temple_circle_huts

Skill      XL: |  1  2  3  4  5  6  7  8  9 |
---------------+----------------------------+-----
Fighting       | 4 5 6 8 10 | 10.6
Armour         | 4 5 7 |  7.0
Maces & Flails | |  2.0
Shields        | |  3.0

Action                   |  1- 3 |  4- 6 |  7- 9 || total
-------------------------+-------+-------+-------++-------
Melee: Flail             |   121 |     4 |       ||   125
       Whip              |       |   111 |   129 ||   240
       Falchion          |       |       |   123 ||   123
Invok: Bend Time         |       |       |     1 ||     1
Evoke: Wand              |       |     3 |       ||     3
  Use: Potion            |     1 |     5 |    11 ||    17
       Scroll            |     3 |     2 |     6 ||    11
 Stab: Sleeping          |       |     1 |     3 ||     4
       Paralysed         |       |     7 |       ||     7
       Invisible         |       |       |     2 ||     2
Armor: Scale mail        |    71 |     8 |       ||    79
       Ring mail         |       |    19 |    94 ||   113
       Skin              |       |       |    77 ||    77
Dodge: Dodged            |    65 |    30 |   207 ||   302
Block: Buckler           |    28 |    18 |    51 ||    97
